 Dungeon Crawl Stone Soup version 0.14-a0-155-gd989017 (webtiles) character file.

162 PolkaDot the Ruffian (level 3, -1/35 HPs)
             Began as a Troll Death Knight on Oct 4, 2013.
             Was a Follower of Yredelemnul.
             Slain by an orc priest
             ... wielding a -1,+1 orcish flail
              (8 damage)
             ... while paralysed by a potion of paralysis
             ... on Level 3 of the Dungeon.
             The game lasted 00:07:17 (1340 turns).

PolkaDot the Ruffian (Troll Death Knight)           Turns: 1340, Time: 00:07:18

HP  -1/35        AC  5     Str 21      XL: 3   Next: 55%
MP   4/4         EV  1     Int  7      God: Yredelemnul [*.....]
Gold 112         SH  0     Dex 10      Spells:  0 memorised,  2 levels left

Res.Fire  : . . .   See Invis. : +     - Unarmed
Res.Cold  : . . .   Warding    : +   b - +0 robe
Life Prot.: + . .   Conserve   : .   (shield restricted)
Res.Poison: .       Res.Corr.  : .   (helmet restricted)
Res.Elec. : .       Clarity    : .   (no cloak)
Sust.Abil.: + .     Spirit.Shd : .   (gloves unavailable)
Res.Mut.  : .       Stasis     : .   (boots unavailable)
Res.Rott. : .       Flight     : .   g - amulet of warding
Gourmand  : +                        t - ring of sustain abilities
                                     o - ring of see invisible

@: paralysed, not resistant to hostile enchantments, unstealthy
A: unfitting armour, claws 3, fast metabolism 3, gourmand, regeneration 2,
saprovore 2, tough skin 2, AC +1
a: Animate Remains, Renounce Religion


You were on level 3 of the Dungeon.
You worshipped Yredelemnul.
Yredelemnul was aware of your devotion.
You were very full.

You visited 1 branch of the dungeon, and saw 3 of its levels.

You collected 92 gold pieces.

Inventory:

Hand weapons
 d - a +0,+0 elven dagger (quivered) {=g}
 e - a +0,+0 dagger {=g}
 p - a +1,+1 dagger
Missiles
 w - 5 poisoned darts
Armour
 b - a +0 robe (worn)
Magical devices
 y - a wand of polymorph (0)
Comestibles
 a - 2 meat rations
 c - an apple
 k - 3 bread rations
 q - 13 grapes
Scrolls
 f - 2 scrolls of teleportation {unknown}
 h - a scroll of enchant weapon II {unknown}
 i - a scroll of remove curse {unknown}
 j - 2 scrolls of fog {unknown}
 l - a scroll of fear {unknown}
 r - a scroll of curse armour {unknown}
 u - a scroll of magic mapping {unknown}
 z - a scroll of recharging {unknown}
Jewellery
 g - an amulet of warding (around neck)
 o - a ring of see invisible (left claw)
 t - a ring of sustain abilities (right claw)
Potions
 m - a potion of flight {unknown}
 n - a potion of paralysis
 s - a potion of invisibility {unknown}
 v - a potion of poison {unknown}
 x - a potion of heal wounds {unknown}


   Skills:
 * Level 2.3 Fighting
 - Level 1.2 Dodging
 * Level 3.0 Unarmed Combat
 + Level 2.8 Invocations


You had 2 spell levels left.
You didn't know any spells.

Dungeon Overview and Level Annotations

Branches:
Dungeon (3/27)

Altars:


Innate Abilities, Weirdness & Mutations

You are too large for most types of armour.
You have claws for hands.
Your metabolism is lightning-fast.
You like to eat raw meat.
You heal very quickly.
You can eat rotten meat.
You are covered in fur (AC +1).
You have very tough skin (AC +2).


Message History

You closely miss the hobgoblin. The hobgoblin hits you.
You barely miss the hobgoblin. The hobgoblin barely misses you.
You hit the hobgoblin but do no damage. The hobgoblin hits you.
You barely miss the hobgoblin. The hobgoblin hits you.
You hit the hobgoblin.
The hobgoblin begins to bleed from its wounds!
The hobgoblin is almost dead.
The hobgoblin hits you.
You claw the hobgoblin!
You kill the hobgoblin!
Yredelemnul accepts your kill.
You hit the orc priest but do no damage.
The orc priest calls down the wrath of Beogh upon you.
Something smites you!
* * * LOW HITPOINT WARNING * * *
Drink which item? (? for menu, Esc to quit)
You suddenly lose the ability to move!
It was a potion of paralysis.
The orc priest hits you with an orcish flail!
You die...
Your body rises from the dead as a mindless zombie.

...
##.#.####
#.........
#........
?......
..... ...
#.# #@#
#o#
#oo.......
#.o...o..
#......?.
#........
#.......
#......
######


You could see an orc priest and 3 orcs.

Vanquished Creatures
  Terence (D:2)
  2 adders (D:2)
  A giant gecko (D:2)
  3 giant cockroaches
  3 goblins
  3 hobgoblins
  4 bats
  2 kobolds (D:1)
  2 rats (D:2)
21 creatures vanquished.

Notes
Turn   | Place    | Note
--------------------------------------------------------------
     0 | D:1      | PolkaDot, the Troll Death Knight, began the quest for the Orb.
     0 | D:1      | Reached XP level 1. HP: 20/20 MP: 2/2
   366 | D:1      | Reached XP level 2. HP: 22/28 MP: 2/2
  1097 | D:2      | Noticed Terence
  1105 | D:2      | Reached XP level 3. HP: 35/35 MP: 4/4
  1166 | D:2      | Killed Terence
  1166 | D:2      | Reached skill level 3 in Unarmed Combat
  1340 | D:3      | Paralysed by a potion of paralysis for 7 turns
  1340 | D:3      | Slain by an orc priest

Action                   || total
-------------------------++-------
Melee: Unarmed           ||    66
Throw: Dart              ||     1
  Use: Scroll            ||     3
       Potion            ||     1
